 Dungeon Crawl Stone Soup version 0.24-a0-417-g1cce26a4d2 (webtiles) character file.

Game seed: 6426473999873605592

13527 MachJacob the Fighter (level 12, -12/107 HPs)
             Began as a Ghoul Ice Elementalist on June 11, 2019.
             Was a High Priest of Nemelex Xobeh.
             Mangled by a spiny frog (22 damage)
             ... on level 1 of the Lair of Beasts.
             The game lasted 01:19:36 (20140 turns).

MachJacob the Fighter (Ghoul Ice Elementalist)     Turns: 20140, Time: 01:19:37

Health: -12/107    AC:  9    Str: 13    XL:     12   Next: 7%
Magic:  7/17       EV: 14    Int: 16    God:    Nemelex Xobeh [*****.]
Gold:   647        SH:  0    Dex: 10    Spells: 10/17 levels left

rFire    + . .     SeeInvis .   w - staff of cold
rCold    + + .     Gourm    .   (no shield)
rNeg     + + +     Faith    .   s - +3 leather armour {rPois}
rPois    ∞         Spirit   .   k - +0 helmet
rElec    .         Reflect  .   l - +0 cloak
rCorr    .         Harm     .   (no gloves)
MR       .....                  (no boots)
Stlth    ++........             t - amulet of regeneration
HPRegen  0.00/turn              v - ring of protection from fire
MPRegen  0.15/turn              f - +3 ring of intelligence

@: rotting
A: rotting body, claws 1, carnivore, cold resistance 1, negative energy
resistance 3, inhibited regeneration, torment resistance, unbreathing
a: Draw Escape, Draw Destruction, Draw Summoning, Triple Draw, Deal Four, Stack
Five, Renounce Religion


You were on level 1 of the Lair of Beasts.
You worshipped Nemelex Xobeh.
Nemelex Xobeh was extremely pleased with you.
You were hungry.

You visited 3 branches of the dungeon, and saw 14 of its levels.
You also visited: Ossuary and Bailey.

You collected 647 gold pieces.

Inventory:

Missiles
 d - 312 stones (quivered)
 o - a throwing net {!f}
Armour
 a - a +0 robe
 k - a +0 helmet (worn)
 l - a +0 cloak (worn)
 s - a +3 leather armour of poison resistance (worn)
Magical Staves
 w - an uncursed staff of cold (weapon)
Jewellery
 f - a +3 ring of intelligence (right claw)
 t - an amulet of regeneration (around neck)
 v - a ring of protection from fire (left claw)
 z - an uncursed amulet of guardian spirit {unknown}
 C - an uncursed amulet of rage {unknown}
 G - the amulet "Ywohow" {Spirit Str+8}
   (You found it on level 10 of the Dungeon)

   [amulet of guardian spirit]

   It causes incoming damage to be split between your health and magic.
   It affects your strength (+8).
 L - an uncursed ring of see invisible
Wands
 b - a wand of polymorph (6)
 j - a wand of flame (44)
 p - a wand of paralysis (15)
 E - a wand of iceblast (10)
 K - a wand of enslavement (5)
Scrolls
 e - a scroll of fear
 i - 7 scrolls of teleportation
 y - a scroll of noise
 A - a scroll of enchant weapon {unknown}
 D - 2 scrolls of remove curse
 F - a scroll of amnesia {unknown}
 J - a scroll of acquirement {unknown}
 M - a scroll of blinking {unknown}
 N - a scroll of immolation {unknown}
 P - a scroll of vulnerability {unknown}
 Q - a scroll of fog {unknown}
Potions
 g - 2 potions of haste
 h - 2 potions of curing
 m - 2 potions of flight
 n - a potion of resistance
 q - 2 potions of cancellation
 r - 2 potions of magic
 u - a potion of lignification
 x - a potion of mutation
 I - a potion of agility {unknown}
 O - a potion of heal wounds {unknown}
Comestibles
 c - 23 rations


   Skills:
 + Level 10.5 Fighting
 - Level 6.0 Armour
 - Level 6.0 Dodging
 - Level 2.1 Stealth
 - Level 4.1 Unarmed Combat
 - Level 3.0 Spellcasting
 * Level 5.6 Conjurations
 * Level 9.5 Ice Magic
 - Level 8.0 Invocations


You had 10 spell levels left.
You knew the following spells:

 Your Spells              Type           Power        Failure   Level  Hunger
a - Freeze                Ice            ####         1%          1    #......
b - Throw Frost           Conj/Ice       #####.       1%          2    ##.....
c - Throw Icicle          Conj/Ice       #####...     11%         4    #####..

Your spell library contained the following spells:

 Spells                   Type           Power        Failure   Level  Hunger
 Ensorcelled Hibernation  Hex/Ice        ####..       4%          2    ##.....
 Flame Tongue             Conj/Fire      ##...        8%          1    #......
 Shock                    Conj/Air       ##..         8%          1    #......
 Ozocubu's Armour         Chrm/Ice       ####....     10%         3    ###....
 Throw Flame              Conj/Fire      ##....       11%         2    ##.....
 Corona                   Hex            #......      22%         1    #......
 Conjure Flame            Conj/Fire      ##......     22%         3    ###....
 Dazzling Spray           Conj/Hex       ##....       22%         3    ###....
 Static Discharge         Conj/Air       ##......     22%         3    ###....
 Summon Ice Beast         Ice/Summ       ####....     32%         4    #####..
 Swiftness                Chrm/Air       #.......     34%         2    ##.....
 Confuse                  Hex            #.......     56%         3    ###....
 Inner Flame              Hex/Fire       #.......     56%         3    ###....
 Tukima's Dance           Hex            #.......     56%         3    ###....
 Sticky Flame             Conj/Fire      ##......     58%         4    #####..
 Fireball                 Conj/Fire      ##........   90%         5    ######.
 Lightning Bolt           Conj/Air       ##........   90%         5    ######.
 Airstrike                Air            #.........   92%         4    #####..


Dungeon Overview and Level Annotations

Branches:
Dungeon (11/15)            Temple (1/1) D:7            Lair (2/6) D:10
    Orc (0/2) D:10
  Swamp: Lair:2-4    Shoals: Lair:2-4     Snake: Lair:2-4    Spider: Lair:2-4

Altars:
Ashenzari
Cheibriados
Dithmenos
Elyvilon
Fedhas
Gozag
Hepliaklqana
Kikubaaqudgha
Makhleb
Nemelex Xobeh
Okawaru
Qazlal
Ru
Sif Muna
Trog
Uskayaw
Vehumet
Wu Jian
Xom
Yredelemnul
Zin
The Shining One

Shops:
D:5 [   D:9 (*

Annotations:
D:5 exclusion: ice beast
D:7 1 runed translucent door


Innate Abilities, Weirdness & Mutations

Your body is rotting away.
You thrive on raw meat.
You are immune to poison.
You have sharp fingernails.
You are carnivorous and can eat meat at any time.
Your flesh is cold resistant. (rC+)
You are immune to negative energy. (rN+++)
You do not regenerate when monsters are visible.
You are immune to unholy pain and torment.
You can survive without breathing.


Message History

Casting: Freeze (safe; 1% risk of failure)
Confirm with . or Enter, or press ? or * to list all spells.
Aiming: Throw Frost (safe; 1% risk of failure)
Press: ? - help, Shift-Dir - straight line, f/p - spiny frog
Aim: a spiny frog (lightly wounded)
You feel a surge of power!
The puff of frost hits the spiny frog!
The spiny frog is moderately wounded.
You are feeling hungry.
You feel better. The spiny frog stings you.
* * * LOW HITPOINT WARNING * * *
Casting: Throw Frost (safe; 1% risk of failure)
Confirm with . or Enter, or press ? or * to list all spells.
Aiming: Freeze (safe; 1% risk of failure)
Press: ? - help, Shift-Dir - straight line, f/p - spiny frog
Aim: a spiny frog (moderately wounded)
You feel a surge of power!
You freeze the spiny frog!
The spiny frog is heavily wounded.
The spiny frog stings you!!
You die...
Your body glows with a rainbow of weird colours and disappears.

.#...##....#.......##....##...#
.#...##.....#......#.....##...# #
.#...P#.............#.........# #
.#...##....#P......##.........# #
.+...##............##....##...#
##...##....##......##....##...#
.....#####.#P......########...##
.....########.....>#P######....##
................@F.....>.........
######P#############.############
# ### ###


You could see a spiny frog.

Vanquished Creatures
  An unseen horror (D:10)
  Psyche (D:9)
  A spiny frog (Lair:1)
  A rime drake (Lair:2)
  A blink frog (Lair:2)
  A wyvern (D:10)
  4 hogs (D:9)
  A human (D:9)
  24 yaks (D:8 D:9 D:10 Lair:1)
  A steam dragon (D:10)
  4 hungry ghosts (D:7 D:8 D:9 D:10)
  A water moccasin (Lair:1)
  A porcupine (Lair:1)
  A phantom (D:10)
  3 sky beasts (D:8 D:9 D:11)
  3 black bears (D:7 D:10)
  2 eyes of draining (D:8 D:9)
  13 orc warriors (D:5 Bailey D:10 D:8)
  An ice beast (D:6)
  4 ogres (D:5 D:7 D:10)
  A crocodile (Lair:1)
  9 centaurs (D:5 D:6 D:9 Bailey D:10)
  An elf zombie (Ossuary)
  3 big kobolds (D:9 D:10 D:11)
  4 bullfrogs (D:6 D:8 D:10 D:11)
  3 scorpions (D:7 D:8 D:10)
  A wyvern skeleton (D:10)
  6 killer bees (D:8)
  A howler monkey (D:6)
  3 crimson imps (D:7 D:8)
  8 hounds (D:4 D:6 D:8 D:9 D:10)
  2 jellies (D:6 D:9)
  4 orc priests (D:5 D:9 D:10)
  A human zombie (Ossuary)
  9 orc wizards (D:6 D:8 D:10)
  Jessica (D:3)
  5 iguanas (D:5 D:6 D:8)
  Natasha (thrice) (D:3)
  6 worker ants (D:5 D:6 D:7 D:10)
  2 big kobold zombies (Ossuary)
  A hound skeleton (D:10)
  A mummy (Ossuary)
  Robin (D:3)
  2 worker ant zombies (D:9 D:11)
  12 gnolls (D:5 D:8 D:9 D:10)
  2 howler monkey skeletons (D:4 D:8)
  A river rat (D:5)
  12 adders (D:2 D:3 D:5 D:6 D:7)
  A shadow imp (D:5)
  2 oozes (D:5 D:7)
  An adder skeleton (D:7)
  3 adder zombies (D:6 D:8)
  5 worms (D:2 D:3 D:4 D:5)
  A dart slug (D:1)
  6 leopard geckos (D:1 D:2 D:3 D:4 D:7)
  48 orcs (D:5 D:6 D:8 D:7 D:9)
  13 bats (D:1 D:2 D:3)
  6 giant cockroaches (D:2 D:4 D:5 D:8)
  17 goblins (D:1 D:2 D:3 D:10)
  13 hobgoblins (D:1 D:2 D:3)
  9 jackals (D:6 D:8 D:9 D:10)
  5 quokkas (D:2 D:3 D:5 D:6)
  3 ball pythons (D:5)
  4 frilled lizards (D:1 D:2)
  A goblin zombie (Ossuary)
  10 hobgoblin zombies (Ossuary)
  A jackal zombie (Ossuary)
  28 kobolds (D:1 D:2 D:3 D:9 D:10)
  12 kobold zombies (Ossuary)
  A leopard gecko skeleton (D:6)
  A leopard gecko zombie (D:8)
  6 orc zombies (Ossuary)
  11 rats (D:1 D:2 D:3 D:5)
  3 rat zombies (Ossuary)
385 creatures vanquished.

Vanquished Creatures (collateral kills)
  The ghost of anet the Magician, a novice DEWz of Ashenzari (D:8)
  A troll (D:7)
  A yak (D:8)
  An ice beast (D:7)
  A centaur (Bailey)
  A mummy (Ossuary)
  A worker ant zombie (D:7)
  An adder (D:7)
  4 orcs (Bailey)
  A goblin zombie (D:7)
13 creatures vanquished.

Vanquished Creatures (others)
  A yak (D:10)
  2 centaurs (Bailey)
  6 orcs (Bailey)
  2 fungi (Lair:2)
11 creatures vanquished.

Grand Total: 409 creatures vanquished

Notes
Turn   | Place    | Note
-------+----------+-------------------------------------------
     0 | D:1      | MachJacob the Ghoul Ice Elementalist began the quest for
                  | the Orb.
     0 | D:1      | Reached XP level 1. HP: 14/14 MP: 2/2
   171 | D:1      | Found a sparkling altar of Nemelex Xobeh.
   179 | D:1      | Became a worshipper of Nemelex Xobeh the Trickster
   181 | D:1      | Received a gift from Nemelex Xobeh
   497 | D:1      | Reached XP level 2. HP: 17/19 MP: 0/3
   506 | D:1      | Learned a level 2 spell: Throw Frost
   940 | D:1      | Reached skill level 1 in Conjurations
   971 | D:1      | Reached XP level 3. HP: 18/26 MP: 2/5
  1415 | D:2      | Found an ornate altar of the Wu Jian Council.
  1705 | D:2      | Reached XP level 4. HP: 18/33 MP: 0/6
  2080 | D:2      | Reached * piety under Nemelex Xobeh
  2249 | D:2      | Found a bloodstained altar of Trog.
  2399 | D:3      | Found a radiant altar of Vehumet.
  2399 | D:3      | Found a blossoming altar of Fedhas.
  2615 | D:3      | Reached XP level 5. HP: 24/38 MP: 0/7
  2747 | D:3      | Noticed Jessica
  2758 | D:3      | Killed Jessica
  2834 | D:3      | Noticed Robin
  2933 | D:3      | Killed Robin
  3153 | D:3      | Reached skill level 1 in Unarmed Combat
  3301 | D:3      | Received a gift from Nemelex Xobeh
  3539 | D:3      | Noticed Natasha
  3552 | D:3      | Killed Natasha
  3559 | D:3      | Reached XP level 6. HP: 45/45 MP: 0/8
  3621 | D:3      | Noticed Natasha
  3629 | D:3      | Killed Natasha
  3629 | D:3      | Reached skill level 5 in Ice Magic
  3768 | D:3      | Found a radiant altar of Vehumet.
  3810 | D:3      | Noticed Natasha
  3818 | D:3      | Killed Natasha
  3996 | D:4      | Received a gift from Nemelex Xobeh
  4290 | D:4      | Reached ** piety under Nemelex Xobeh
  4458 | D:5      | Entered Level 5 of the Dungeon
  4475 | D:5      | Noticed an ice beast
  4812 | D:5      | HP: 1/44 [gnoll/+0 halberd (9)]
  5050 | D:5      | Received a gift from Nemelex Xobeh
  5126 | D:5      | Found Reiwy's Armour Shoppe.
  5170 | D:5      | Reached XP level 7. HP: 38/50 MP: 0/10
  6436 | D:6      | Reached skill level 1 in Invocations
  6578 | D:6      | Reached skill level 1 in Fighting
  6599 | D:5      | Reached XP level 8. HP: 37/59 MP: 1/11
  6898 | D:6      | Reached skill level 2 in Fighting
  7534 | D:6      | Received a gift from Nemelex Xobeh
  7539 | D:6      | Reached *** piety under Nemelex Xobeh
  7790 | D:6      | Reached skill level 3 in Fighting
  8092 | D:7      | Found a sand-covered staircase.
  8097 | Ossuary  | Entered an ossuary
  9109 | D:7      | Found an opulent altar of Gozag.
  9144 | D:7      | Reached XP level 9. HP: 59/71 MP: 0/12
  9173 | D:7      | Found a runed translucent door.
  9174 | D:7      | Noticed a sixfirhy
  9197 | D:7      | Received a gift from Nemelex Xobeh
  9225 | D:7      | Noticed a troll
  9289 | D:7      | Reached skill level 4 in Fighting
  9513 | D:7      | Found a stormy altar of Qazlal.
  9526 | D:7      | Found a staircase to the Ecumenical Temple.
  9636 | Temple   | Entered the Ecumenical Temple
  9870 | D:8      | Found a large runed translucent door.
  9870 | D:8      | Found a large runed translucent door.
  9874 | D:8      | Noticed anet's ghost (novice DEWz)
  9877 | D:8      | Noticed an orange demon
  9956 | D:8      | Killed anet's ghost
  9956 | D:8      | Reached skill level 5 in Fighting
  9956 | D:8      | Reached skill level 5 in Invocations
 10004 | D:8      | Found the +8 demon trident "Rift" {distort, reach+}
 10260 | D:8      | Reached skill level 6 in Fighting
 10425 | D:7      | Killed a troll
 10454 | D:7      | Reached skill level 1 in Armour
 11017 | D:8      | Reached XP level 10. HP: 45/83 MP: 6/13
 11568 | D:9      | Reached **** piety under Nemelex Xobeh
 11575 | D:8      | Reached skill level 7 in Fighting
 12021 | D:8      | HP: 1/86 [gnoll sergeant/+0 trident of protection (10)]
 12587 | D:9      | Found Otuoroed's Antique Weapon Shoppe.
 12605 | D:9      | Found a sacrificial altar of Ru.
 12605 | D:9      | Found Soaciw's Assorted Antiques.
 12605 | D:9      | Found a hide-covered altar of Uskayaw.
 12655 | D:9      | Reached skill level 5 in Dodging
 12800 | D:9      | Received a gift from Nemelex Xobeh
 12883 | D:9      | Found a shimmering altar of Xom.
 13111 | D:9      | Reached skill level 8 in Fighting
 13266 | D:9      | Noticed Psyche
 13351 | D:9      | Killed Psyche
 13652 | D:10     | Entered Level 10 of the Dungeon
 13871 | D:9      | Reached XP level 11. HP: 38/95 MP: 7/16
 14042 | D:10     | Reached skill level 5 in Armour
 14111 | D:10     | Found a flagged portal.
 14120 | Bailey   | Entered a bailey
 14543 | Bailey   | Reached skill level 9 in Fighting
 16276 | D:10     | Noticed Joseph
 16282 | D:10     | Identified the -1 quarterstaff of Excruciating Pain {crush,
                  | -Tele +Rage Int+9}
 16306 | D:10     | Noticed Joseph
 16306 | D:10     | Joseph changed into Joseph the wyvern
 16307 | D:10     | Killed Joseph the wyvern
 16659 | D:10     | Reached skill level 10 in Fighting
 16697 | D:10     | Learned a level 4 spell: Throw Icicle
 16796 | D:10     | Found a staircase to the Orcish Mines.
 16796 | D:10     | Received a gift from Nemelex Xobeh
 16827 | D:10     | Killed an unseen horror
 17563 | D:10     | Noticed a death yak
 17635 | D:10     | Noticed a death yak
 17635 | D:10     | Noticed a death yak
 17853 | D:10     | Got a warped golden amulet
 17855 | D:10     | Found a staircase to the Lair.
 17857 | D:10     | Received a gift from Nemelex Xobeh
 17874 | D:10     | Identified the amulet "Ywohow" {Spirit Str+8} (You found it
                  | on level 10 of the Dungeon)
 18209 | Lair:1   | Entered Level 1 of the Lair of Beasts
 18232 | Lair:1   | Reached skill level 5 in Conjurations
 18901 | Lair:1   | Received a gift from Nemelex Xobeh
 18963 | Lair:1   | Reached XP level 12. HP: 100/107 MP: 8/17
 19683 | Lair:2   | Received a gift from Nemelex Xobeh
 19685 | Lair:2   | Reached ***** piety under Nemelex Xobeh
 20140 | Lair:1   | Mangled by a spiny frog

Levels and vault maps discovered:
D:1:      saegor_arrival_simple_b, layout_rooms, chequers_serial_rivers_small_b,
          nemelex_xobeh_ov_fountains_minmay
D:2:      layout_basic, lemuel_coloured_pillars_altar, lemuel_doored_altar
D:3:      layout_basic, amethyst_overflow_temple_binary, serial_park_tiny_2,
          uniq_natasha, uniq_jessica, uniq_robin
D:4:      layout_cave_pools, first_ration
D:5:      layout_loops_cross, portal_sewer_entry_e, serial_shops,
          nicolae_shop_window_shopping
D:6:      layout_layer_cave, kennysheep_generic_room_14
D:7:      cheibrodos_shockbox, layout_basic, nicolae_overflow_crystal_walls,
          grunt_gozag_breadcrumbs, minmay_temple_entry_butterflies,
          enter_ossuary_3
D:8:      layout_basic, ebering_ghost_disaster_area
D:9:      layout_loops_ring, old_standard_altar,
          chequers_temple_overflow_statue_of_worship, serial_shops, shop,
          nicolae_shop_window_shopping, grunt_livestock, uniq_psyche
D:10:     layout_long_grid, dpeg_lair_monsters, orc_0_dummy,
          lightli_bailey_entry_fortress, uniq_joseph
D:11:     layout_basic, serial_bayou_pond_e, st_stairs_1
Temple:   nicolae_temple_figure_eight
Lair:1:   layout_regular_city
Lair:2:   layout_regular_city, grunt_megastairs_1

Skill      XL: |  1  2  3  4  5  6  7  8  9 10 11 |
---------------+----------------------------------+-----
Dodging        | 2 3 4 5 6 |  6.0
Spellcasting   | 2 3 |  3.0
Conjurations   | 1 2 3 4 5 |  5.6
Ice Magic      | 4 5 7 8 9 |  9.5
Unarmed Combat | 1 2 3 4 |  4.1
Invocations    | 1 3 6 8 |  8.0
Fighting       | 1 3 6 8 10 | 10.5
Armour         | 2 4 6 |  6.0
Stealth        | |  2.1

Action                   |  1- 3 |  4- 6 |  7- 9 | 10-12 || total
-------------------------+-------+-------+-------+-------++-------
Melee: Unarmed           |   100 |    96 |   408 |   277 ||   881
       Punch             |       |     1 |     2 |     5 ||     8
       Staff             |       |       |       |     4 ||     4
Throw: Stone             |     6 |       |    67 |    44 ||   117
 Cast: Freeze            |    49 |    64 |   107 |   384 ||   604
       Throw Frost       |    15 |    61 |   121 |   193 ||   390
Invok: Triple Draw       |       |       |       |     1 ||     1
 Abil: Draw Summoning    |       |       |     5 |     9 ||    14
       Draw Destruction  |       |       |     2 |    16 ||    18
       Draw Escape       |       |       |       |     5 ||     5
Evoke: Wand              |       |       |     1 |     2 ||     3
  Use: Scroll            |     1 |     7 |     6 |     6 ||    20
       Potion            |       |       |       |     3 ||     3
 Stab: Sleeping          |     3 |     3 |     1 |       ||     7
  Eat: Chunk             |    19 |    24 |    34 |    58 ||   135
       Ration            |       |     1 |     1 |       ||     2
Armor: Robe              |    21 |    10 |     5 |       ||    36
       Leather armour    |       |       |   139 |   205 ||   344
Dodge: Dodged            |    81 |    87 |   248 |   493 ||   909

Table legend:
 A = Non-vault XP
 B = Vault XP
 C = Vault XP percentage of total XP
 D = Non-vault monster count
 E = Vault monster count
 F = Vault count percentage of total count
                 A         B        C        D         E       F
            +---------+---------+-------+---------+---------+-------
      Total |   14643 |    4682 |  24.2 |     287 |     120 |  29.5
            +---------+---------+-------+---------+---------+-------
        D:1 |      51 |       0 |   0.0 |      32 |       0 |   0.0
        D:2 |      66 |       0 |   0.0 |      25 |       0 |   0.0
        D:3 |     166 |     107 |  39.2 |      20 |      13 |  39.4
        D:4 |      71 |       0 |   0.0 |       6 |       0 |   0.0
        D:5 |     613 |      24 |   3.8 |      21 |       8 |  27.6
        D:6 |     835 |      14 |   1.6 |      28 |       1 |   3.4
        D:7 |     897 |       1 |   0.1 |      16 |       1 |   5.9
        D:8 |    2450 |     556 |  18.5 |      43 |       1 |   2.3
        D:9 |    2883 |    1217 |  29.7 |      31 |       6 |  16.2
       D:10 |    4644 |     254 |   5.2 |      47 |      12 |  20.3
       D:11 |     339 |       0 |   0.0 |      11 |       0 |   0.0
     Lair:1 |     990 |       0 |   0.0 |       5 |       0 |   0.0
     Lair:2 |     638 |       0 |   0.0 |       2 |       0 |   0.0
    Ossuary |       0 |     260 | 100.0 |       0 |      39 | 100.0
     Bailey |       0 |    2249 | 100.0 |       0 |      39 | 100.0
            +---------+---------+-------+---------+---------+-------
